 Dungeon Crawl Stone Soup version 0.18-a0-1774-gce1f7b6 (webtiles) character file.

882 George the Shield-Bearer (level 8, -2/64 HPs)
             Began as a Formicid Fighter on Apr 15, 2016.
             Slain by a water moccasin skeleton (3 damage)
             ... on level 5 of the Dungeon.
             The game lasted 00:08:38 (4022 turns).

George the Shield-Bearer (Formicid Fighter)         Turns: 4022, Time: 00:08:39

Health: -2/64      AC:  7    Str: 21 (23) XL:     8   Next: 25%
Magic:  8/8        EV:  8    Int: 10 (13) God:
Gold:   224        SH: 10    Dex:  7 (10) Spells: 0 memorised, 7 levels left

rFire  . . .     SeeInvis +     a - +0 long sword
rCold  . . .     Gourm    .     b - +0 scale mail
rNeg   . . .     Faith    .     c - +0 shield
rPois  .         Spirit   .     (helmet unavailable)
rElec  .         Dismiss  .     (no cloak)
rCorr  .         Reflect  .     (no gloves)
SustAt .         Harm     .     (no boots)
MR     .....                    (no amulet)
Stlth  ..........               (no ring)
                                (no ring)

@: brilliant, flying, drained, not resistant to hostile enchantments, extremely
unstealthy
A: permanent stasis, dig shafts and tunnels, four strong arms, antennae 3
a: Dig, Shaft Self


You were on level 5 of the Dungeon.
You were not hungry.

You visited 1 branch of the dungeon, and saw 5 of its levels.

You collected 224 gold pieces.

Inventory:

Hand Weapons
 a - a +0 long sword (weapon)
 A - a +0 short sword of draining
Armour
 b - a +0 scale mail (worn)
 c - a +0 shield (worn)
Scrolls
 j - a scroll of recharging {unknown}
 l - 4 scrolls of remove curse {unknown}
 n - 4 scrolls of identify {unknown}
 o - a scroll of fog {unknown}
 p - a scroll of magic mapping {unknown}
 q - a scroll of blinking {unknown}
 s - a scroll of amnesia {unknown}
 t - 2 scrolls of teleportation {unknown}
 u - a scroll of fear {unknown}
 w - 3 scrolls of random uselessness {unknown}
Potions
 d - a potion of might
 g - 2 potions of brilliance
 k - a potion of curing {unknown}
Comestibles
 f - 7 bread rations
 m - 2 meat rations
 v - a beef jerky
 z - 4 fruits


   Skills:
 + Level 5.7(5.5) Fighting
 + Level 4.6(4.4) Long Blades
 + Level 5.9(5.7) Armour
 + Level 6.5(6.2) Shields


You had 7 spell levels left.
You didn't know any spells.

Dungeon Overview and Level Annotations

Branches:
Dungeon (5/15)
 Temple: D:4-7

Altars:
Xom


Innate Abilities, Weirdness & Mutations

You are under a permanent stasis effect.
You can dig through walls and to a lower floor.
Your four strong arms can wield two-handed weapons with a shield.
You have a pair of large antennae on your head (SInv).


Message History

The orc wizard mumbles some strange words.
The orc wizard flickers and vanishes for a moment.
You closely miss the water moccasin skeleton.
The water moccasin skeleton bites you but does no damage. x2
Drink which item? (? for menu, Esc to quit)
It was a potion of brilliance.
You feel clever all of a sudden. The water moccasin skeleton bites you.
* * * LOW HITPOINT WARNING * * *
Drink which item? (? for menu, Esc to quit)
It was a potion of degeneration.
There was something very wrong with that liquid.
You feel weakened.
You feel dopey.
You feel clumsy.
You feel less confused.
The water moccasin skeleton bites you but does no damage.
Drink which item? (? for menu, Esc to quit)
It was a potion of flight.
You feel very buoyant.
You fly up into the air.
The water moccasin skeleton bites you.
You die...

..............
.............
............
.........
.......#
#.....##...
#)oZ...... #Z#
#@# #..# #.##
#. .. ... #..
#.#


You could see an orc wizard (invisible), a water moccasin skeleton and a hound
skeleton.

Vanquished Creatures
  Duvessa (D:4)
  A phantom (D:4)
  An ogre (D:4)
  Dowan (D:4)
  A scorpion (D:4)
  A vampire bat (D:3)
  2 orc priests
  A giant frog skeleton (D:4)
  A hound (D:4)
  A jelly (D:4)
  2 orc wizards
  2 adders
  2 howler monkey skeletons (D:4)
  2 oozes
  3 worms
  3 dart slugs
  3 fire bats (D:3)
  4 giant geckos
  13 orcs
  2 spectral bats (D:3)
  3 bat skeletons (D:3)
  A bat zombie (D:3)
  4 giant cockroaches
  6 goblins
  9 hobgoblins
  2 jackals (D:1)
  5 quokkas
  24 bats
  A bat simulacrum (D:3)
  10 giant newts
  5 kobolds
  6 rats
123 creatures vanquished.

Notes
Turn   | Place    | Note
--------------------------------------------------------------
     0 | D:1      | George the Formicid Fighter began the quest for the Orb.
     0 | D:1      | Reached XP level 1. HP: 18/18 MP: 1/1
    26 | D:1      | Reached XP level 2. HP: 13/24 MP: 2/2
   286 | D:1      | Reached XP level 3. HP: 29/29 MP: 3/3
   430 | D:1      | Reached skill level 4 in Shields
   962 | D:2      | Reached XP level 4. HP: 33/37 MP: 4/4
  1525 | D:2      | Reached XP level 5. HP: 39/42 MP: 5/5
  1841 | D:3      | Reached XP level 6. HP: 26/49 MP: 6/6
  1846 | D:3      | Reached skill level 5 in Shields
  1928 | D:3      | Found a shimmering altar of Xom.
  2741 | D:4      | Reached skill level 5 in Armour
  2741 | D:4      | Reached XP level 7. HP: 55/55 MP: 7/7
  2868 | D:4      | Reached skill level 5 in Fighting
  3129 | D:4      | Noticed Dowan
  3131 | D:4      | Noticed Duvessa
  3153 | D:4      | Killed Duvessa
  3153 | D:4      | Reached skill level 6 in Shields
  3185 | D:4      | Killed Dowan
  3708 | D:5      | Entered Level 5 of the Dungeon
  3713 | D:4      | Reached XP level 8. HP: 53/63 MP: 8/8
  4018 | D:5      | HP: 3/64 [water moccasin skeleton (1)]
  4020 | D:5      | HP: 1/64 [water moccasin skeleton (3)]
  4022 | D:5      | Slain by a water moccasin skeleton

Vault maps used:
D:1:      grunt_arrival_crossed_arrows
D:2:      first_bread
D:3:      xom_teletrap_fun, grunt_ministairs_11, goddamned_bats
D:4:      uniq_duvessa
D:5:      evilmike_ruin_ashenzari, gammafunk_pakellas_statue_experiment,
          st_stairs_7

Skill      XL: |  1  2  3  4  5  6  7 |
---------------+----------------------+-----
Shields        | 4 5 6 |  6.5
Armour         | 4 5 |  5.9
Fighting       | 4 5 |  5.7
Long Blades    | 3 4 |  4.6

Action                   |  1- 3 |  4- 6 |  7- 9 || total
-------------------------+-------+-------+-------++-------
Melee: Long sword        |    96 |   271 |   125 ||   492
       Short sword       |       |       |     9 ||     9
  Use: Potion            |       |       |     3 ||     3
  Eat: Chunk             |       |     6 |     3 ||     9
       Royal jelly       |       |       |     1 ||     1
Armor: Scale mail        |    54 |   183 |    69 ||   306
Dodge: Dodged            |    40 |   151 |    63 ||   254
Block: Shield            |    67 |   189 |    99 ||   355
